[Event "MPL-4 Indian Chess Tour 2022"]
[Site "Chess24"]
[Date "2022.09.27"]
[Round "6.4"]
[White "Narayanan.S.L"]
[Black "Bharath Subramaniyam H"]
[Result "1-0"]
[ECO "D02"]
[WhiteElo "2657"]
[BlackElo "2495"]
[Annotator "TA"]
[PlyCount "123"]
[EventDate "2022.09.29"]
[EventType "tourn (rapid)"]
[EventCountry "NET"]
[SourceTitle "playchess.com"]
[Source "ChessBase"]
[SourceQuality "1"]
[WhiteTeam "India"]
[BlackTeam "India"]
[WhiteTeamCountry "IND"]
[BlackTeamCountry "IND"]
[TimeControl "900+10"]

1. Nf3 d5 2. d4 c6 3. Bf4 Bf5 4. e3 e6 5. c4 Nf6 6. Nc3 Bd6 7. Ne5 O-O {[%emt 0:00:18] D02: 1 d4 d5 2 Nf3 sidelines, including 2...Nf6 3 g3 and 2...Nf6 3 Bf4.} 8. Be2 Ne4 {[%emt 0:01:49] [#]} 9. O-O $146 ({Predecessor:} 9. c5 Bc7 10. O-O Nxc3 11. bxc3 f6 12. Nd3 Bxf4 13. Nxf4 e5 14. Nd3 Re8 15. h3 {0-1 (74) Priyamvada,K (1686)-Srija,S (1832) New Delhi 2010}) 9... Nxc3 {[%emt 0:00:28] White has an edge.} 10. bxc3 f6 11. Nf3 Bxf4 12. exf4 Qc7 13. g3 Nd7 14. Re1 Rad8 15. Nh4 Be4 16. Bd3 (16. Bf1 $14) 16... Bxd3 $11 17. Qxd3 Rfe8 18. Re2 Nb6 19. c5 Nc4 20. Rae1 Qf7 21. Nf3 b6 22. Nd2 Nxd2 23. Qxd2 bxc5 24. dxc5 Rb8 25. c4 Qd7 26. Qc3 Kf7 27. g4 e5 28. f5 (28. Qg3 $11) 28... d4 $17 29. Qd3 Qe7 30. g5 fxg5 (30... Qxc5 $17 31. gxf6 gxf6) 31. Rxe5 $11 Qxe5 32. Rxe5 Rxe5 33. Qxd4 $17 {[%emt 0:00:00][%mdl 4096] Endgame KQ-KRR} Re7 (33... Rb1+ 34. Kg2 Rbe1 35. Qd7+ Re7 36. Qxc6 $16) 34. Qd6 Rc8 (34... Rb1+ $11 {deserves consideration.} 35. Kg2 Rbe1) 35. Kg2 $14 Rcc7 36. a4 h6 {[%emt 0:00:20] [#]} (36... Kg8 $11) 37. a5 {[%emt 0:00:11] White is more active.} (37. Qg6+ $1 $16 Kg8 38. f6) 37... Kg8 $11 38. Kg3 Red7 39. Qe6+ Kh8 $2 {[%emt 0:00:06] White stays focused until the end.} (39... Rf7 $11 {and Black has nothing to worry.}) 40. Qe8+ $18 Kh7 {[%emt 0:00:01] [#]} 41. Qg6+ Kg8 42. f6 Rf7 43. fxg7 Rxg7 44. Qxh6 g4 (44... Rgf7 {was worth a try.} 45. a6 (45. Qxg5+ $2 Rg7 $19) 45... g4) 45. Qe6+ Kf8 $2 (45... Kh7 46. Qd6 a6) 46. a6 Rgf7 47. Qd6+ (47. Qxg4 Rg7 48. f3 Rxg4+ 49. Kxg4 Rf7 $19) ({Don't do} 47. Kxg4 Rxf2 48. Qd6+ Re7 $18) 47... Kg8 48. Kxg4 Rcd7 49. Qxc6 {[%emt 0:01:00] Hoping for f4.} ({Don't play} 49. Qe6 Rde7 50. Qxc6 Rxf2 51. Qd5+ Rff7 $18) 49... Rd4+ 50. Kg5 {[%emt 0:00:44] Threatens to win with Qe8+.} Rxc4 $2 (50... Rdf4 51. Qg6+ Kh8 52. Qh6+ Kg8) 51. Qe8+ (51. Qd5 $142 Rc2 52. c6) 51... Kg7 52. Qe5+ Kg8 53. f4 {[%emt 0:00:48][%cal Bf2f4,Bf4f5,Bf5f6][%mdl 32] White threatens Kh6 and mate.} Rc2 54. Qd5 Rg2+ 55. Kh4 Rxh2+ 56. Kg3 Rc2 57. c6 (57. f5 $142 Rc3+ 58. Kg4) 57... Rc1 58. f5 {[%emt 0:00:19] White mates.} Kg7 59. Qe5+ Kh7 60. f6 Rg1+ 61. Kf2 Rg6 62. Qh5+ {[%emt 0:00:01] Weighted Error Value: White=0.34/Black=0.33} 1-0

[Event "MPL-4 Indian Chess Tour 2022"]
[Site "Chess24"]
[Date "2022.09.27"]
[Round "6.5"]
[White "Adhiban, B.."]
[Black "Vaibhav, Suri"]
[Result "1-0"]
[ECO "E18"]
[WhiteElo "2603"]
[BlackElo "2600"]
[Annotator "TA"]
[PlyCount "83"]
[EventDate "2022.09.29"]
[EventType "tourn (rapid)"]
[EventCountry "NET"]
[SourceTitle "playchess.com"]
[Source "ChessBase"]
[SourceQuality "1"]
[WhiteTeam "India"]
[BlackTeam "India"]
[WhiteTeamCountry "IND"]
[BlackTeamCountry "IND"]
[TimeControl "900+10"]

1. c4 e6 2. Nf3 d5 3. g3 Nf6 4. Bg2 b6 5. O-O Bb7 6. cxd5 exd5 7. d4 Be7 8. Nc3 O-O 9. Ne5 Na6 {[%emt 0:00:13] is now debated instead of 9...Nbd7.} 10. Bg5 c5 {[%emt 0:00:45] E18: Queen's Indian: Old Main Line (4 g3 Bb7 5 Bg2 Be7 6 0-0 0-0 7 Nc3).} 11. dxc5 Nxc5 12. Rc1 Re8 {[%emt 0:03:07] [#] The position is equal.} (12... Ne6 $5 13. Bxf6 Bxf6 $11) 13. Nb5 $146 ({Predecessor:} 13. Nd3 Nce4 14. Bf4 Rc8 15. Nb5 Qd7 16. Nd4 Rxc1 17. Qxc1 Rc8 18. Qd1 Bc5 19. Ne5 Qe8 20. Nef3 Ba6 {½-½ (20) Slipak,S (2520)-Morovic Fernandez,I (2585) Argentina 1995}) 13... Ne6 (13... Nfe4 $11 {keeps the balance.} 14. Bxe7 Qxe7) 14. Bxf6 $16 Bxf6 15. Nc6 Bxc6 16. Rxc6 Bxb2 (16... Qe7 $14) 17. Bxd5 Be5 {[%emt 0:03:49][%cal Oe6d4] Prevents Nd6.} 18. Qb3 Qd7 {[%emt 0:00:03] [#]} 19. Rxe6 $1 fxe6 20. Bxa8 Rxa8 21. Rd1 Qe7 22. f4 (22. Qa4 $16 {Black must now prevent Qe4.} Bf6 23. Rd6) 22... a6 $14 23. fxe5 axb5 {[%emt 0:00:01][%mdl 4096] Endgame KQR-KQR} 24. Rd6 h6 25. Rxe6 ({Better is} 25. a3 $14) 25... Qc5+ $11 26. Kg2 {[%emt 0:00:04] Threatening mate with Re8+.} Kh8 27. Qf3 Rf8 28. Qe4 (28. Rc6 Rxf3 29. Rxc5 Rxg3+ 30. Kxg3 bxc5 $19) 28... Qf2+ (28... Rf2+ $1 $11 29. Kh3 Qc8) 29. Kh3 $14 {[%emt 0:00:01] Active counter play!} Qf1+ {[%emt 0:00:14] [#]} 30. Kg4 $1 Qf7 (30... Qf2 $16) 31. Rxb6 $18 Rc8 32. e6 $2 (32. Qf5 $18 Qc4+ 33. Kh3) 32... h5+ $11 33. Kh4 Qf6+ 34. Kxh5 $2 (34. Kh3 $1 $11 {and White is okay.} Qf1+ 35. Kh4) 34... Rc5+ $4 (34... g6+ $19 35. Kh6 (35. Kg4 $2 Rc4 $19) 35... Qg7+ 36. Kg5 Rc5+ 37. Kf4 (37. Kg4 $2 Rc4 $19) 37... Rc4 38. Rb8+ Kh7 39. Rxb5 Qf6+ 40. Ke3 Rxe4+ 41. Kxe4 Qxe6+ 42. Re5 Qh3) 35. Kg4 $18 {[%emt 0:00:02] White threatens Rb8+ and mate.} Qd8 {[%emt 0:00:31] Against Rb8. Strongly threatening ...Rc4.} 36. e7 {[%emt 0:00:07][%cal Re7d8] White mates.} Qc8+ 37. Re6 Qe8 38. Kh3 Kg8 39. Rd6 Qh5+ 40. Kg2 Re5 41. Rd8+ Kf7 42. e8=Q+ {[%emt 0:00:01] Weighted Error Value: White=0.27 (precise) /Black=0.60} 1-0

[Event "MPL-4 Indian Chess Tour 2022"]
[Site "Chess24"]
[Date "2022.09.27"]
[Round "6.6"]
[White "Karthikeyan, Murali"]
[Black "Mitrabha, Guha"]
[Result "1-0"]
[ECO "D00"]
[WhiteElo "2623"]
[BlackElo "2471"]
[Annotator "TA"]
[PlyCount "39"]
[EventDate "2022.09.29"]
[EventType "tourn (rapid)"]
[EventCountry "NET"]
[SourceTitle "playchess.com"]
[Source "ChessBase"]
[SourceQuality "1"]
[WhiteTeam "India"]
[BlackTeam "India"]
[WhiteTeamCountry "IND"]
[BlackTeamCountry "IND"]
[TimeControl "900+10"]

1. Nf3 d5 2. d4 Nf6 3. Bf4 c5 4. e3 Nc6 5. Nbd2 Bf5 6. c3 e6 {[%emt 0:00:04] 6...e6 is better than 6...Qb6.} 7. Qb3 {[%emt 0:00:48] D00: 1 d4 d5: Unusual lines.} Qb6 8. Qxb6 axb6 9. Bb5 {[%emt 0:00:36] The position is equal.} Nd7 10. O-O {[%emt 0:00:12] [#]} h6 $146 ({Predecessor:} 10... f6 11. Rfe1 g5 12. Bg3 Kf7 13. dxc5 Nxc5 14. Nd4 Nxd4 15. exd4 Na4 16. Bxa4 Rxa4 {1-0 (74) Moroni,L (2530)-Lintchevski,D (2559) Chess.com INT 2020}) 11. Rfe1 Be7 12. e4 dxe4 13. Nxe4 O-O {[%emt 0:00:13] [#]} (13... Bxe4 $11 14. Rxe4 Nf6) 14. Ng3 $1 $16 {[%emt 0:00:22] White is more active.} ({Don't take} 14. Nd6 $6 Bxd6 15. Bxd6 Rfd8 $14) 14... Bg4 15. d5 $1 Ncb8 {[%emt 0:00:15] A mistake that costs the game.} (15... g5 $16) 16. Bxb8 $18 Nxb8 17. Ne5 Bf5 (17... h5 {is a better defense.} 18. h3 h4 19. Nxg4 hxg3 20. fxg3 (20. dxe6 gxf2+ 21. Nxf2 Nc6 $18) 20... Bg5 21. dxe6 fxe6 22. Rxe6 Nc6) 18. Nxf5 exf5 {[%emt 0:00:05] [#]} 19. Ng6 $1 fxg6 20. Rxe7 {[%emt 0:00:03] Weighted Error Value: White=0.01 (flawless) /Black=0.53} 1-0

[Event "MPL-4 Indian Chess Tour 2022"]
[Site "Chess24"]
[Date "2022.09.27"]
[Round "6.7"]
[White "Pranav, V."]
[Black "Sethuraman, S.P."]
[Result "1-0"]
[ECO "D48"]
[WhiteElo "2530"]
[BlackElo "2638"]
[Annotator "TA"]
[PlyCount "127"]
[EventDate "2022.09.29"]
[EventType "tourn (rapid)"]
[EventCountry "NET"]
[SourceTitle "playchess.com"]
[Source "ChessBase"]
[SourceQuality "1"]
[WhiteTeam "India"]
[BlackTeam "India"]
[WhiteTeamCountry "IND"]
[BlackTeamCountry "IND"]
[TimeControl "900+10"]

1. d4 d5 2. c4 c6 3. Nc3 Nf6 4. e3 e6 5. Nf3 Nbd7 6. Bd3 dxc4 7. Bxc4 b5 8. Bd3 Bb7 9. O-O a6 10. e4 c5 11. d5 c4 12. Bc2 Qc7 13. dxe6 fxe6 14. Ng5 Nc5 $1 15. Be3 {[%emt 0:00:36][%cal Bc1e3,Be3d4,Bd4e5][%mdl 32] D48: Semi-Slav: Meran System: 7...b5 8 Bd3 a6.} h6 16. Nf3 Rd8 (16... Bxe4 17. Nxe4 Ncxe4 18. a4 $18) 17. Qe2 {[%emt 0:00:44] The position is equal.} Ng4 (17... Ncxe4 $2 18. Nxe4 Nxe4 19. Bd4 $18) 18. Rad1 Rxd1 19. Rxd1 {[%emt 0:00:07][%cal Oe4e5] [#] Hoping for e5!} Be7 $146 {[%emt 0:00:02] [#]} (19... Nxe3 $11 {keeps the balance.} 20. Qxe3 Be7) ({Predecessor:} 19... Nxe3 20. Qxe3 Be7 21. b4 cxb3 22. axb3 O-O 23. Ne2 {0-1 (23) Carlsen,T-Niebergall,G DESC email 2016}) 20. Bd4 $1 $16 O-O 21. h3 Nf6 {[%emt 0:00:02][%cal Bg4f6,Bf6h5,Bh5f4][%mdl 32] [#]} 22. a3 ({White should try} 22. Ne5 $1 $16) 22... Nh5 23. Be5 Qc8 24. Nd4 Qe8 25. Qg4 Qf7 26. Rf1 {[%emt 0:00:31] Active counter play!} (26. f3 $11) 26... Nf4 $17 27. Bxf4 Qxf4 ({Of course not} 27... h5 28. Qf3 Qxf4 29. Qxh5 $11) 28. Qxf4 Rxf4 29. Nde2 Rf8 30. Rd1 Kf7 31. f4 Rd8 32. Rxd8 Bxd8 33. Kf2 Bb6 {[%emt 0:01:34] aiming for ...Nd3+.} 34. Kf3 Bc6 ({Don't play} 34... Nd3 35. Bxd3 cxd3 36. Nc1 $11) 35. g3 Bd7 ({Reject} 35... Nd3 $6 36. Bxd3 cxd3 37. Nc1 $11) 36. f5 (36. Nb1 $17) 36... exf5 $19 37. exf5 Bc6+ ({Better is} 37... Nd3 $19 {Threatens to win with ...Ne1+.} 38. Nd5 Bc6) 38. Kf4 (38. Ne4 $17 {keeps fighting.}) 38... Bc7+ {[%emt 0:00:06] A strong pair of Bishops.} (38... Nd3+ $19 39. Bxd3 cxd3) 39. Kg4 $2 (39. Ke3 $17) 39... Be5 40. Nf4 a5 41. Nd1 Ne4 42. b3 $2 (42. Bxe4 Bxe4 43. Nc3) 42... c3 $2 (42... Nd2 {( -> ...Bf3+)} 43. h4 Bf3+ 44. Kh3 cxb3 45. Bxb3+ Nxb3) 43. Ne6 $2 (43. Kf3) 43... Nf6+ 44. Kh4 Be4 45. Bxe4 Nxe4 {[%emt 0:00:00][%mdl 4096] Endgame KBN-KNN} 46. Ne3 Nxg3 47. Kg4 g6 48. Nd8+ Ke8 49. Nc6 Nxf5 50. Nc2 Bc7 51. Na7 Nd6 52. Nc6 Kd7 53. Ne5+ (53. N6d4 {was the only chance.}) 53... Ke6 54. Nxg6 Ne4 (54... a4 $142 55. Nf4+ Ke5 56. Nd3+ Kd5 57. bxa4 bxa4) 55. Kh5 $2 (55. Nf4+ {was the crucial defense.} Ke5 56. Ne2) 55... Bd6 56. Kxh6 b4 57. axb4 axb4 {[%emt 0:00:00] And now ...Kf6 would win.} 58. h4 (58. Kg7 $142 Ng3 59. h4) 58... Kf6 59. h5 Nd2 (59... Ng3 $142 {Strongly threatening ...Nf5+.} 60. Nh4 Bf8+ 61. Kh7 Nxh5) 60. Na1 Ne4 $2 (60... Nf3 $19 61. Nc2 Ng5) 61. Kh7 $2 (61. Nc2 $11 {and White is okay.} Ng3 62. Nh4) 61... Kg5 (61... Ng3 $19 {has better winning chances.} 62. h6 Nf5) 62. Kg7 $2 (62. h6 $17) 62... Kxh5 {[%emt 0:00:01] White must now prevent ...Kg4.} 63. Kf7 Kg5 $2 (63... Kg4 64. Ke6 Kf3 65. Ne5+ Ke3) 64. Nc2 {[%emt 0:00:07][%mdl 32768] Weighted Error Value: White=0.71/Black=0.63. Loss on time!?} 1-0

[Event "MPL-4 Indian Chess Tour 2022"]
[Site "Chess24"]
[Date "2022.09.27"]
[Round "6.8"]
[White "Puranik, Abhimanyu"]
[Black "Aditya Mittal"]
[Result "1/2-1/2"]
[ECO "A28"]
[WhiteElo "2603"]
[BlackElo "2485"]
[Annotator "TA"]
[PlyCount "105"]
[EventDate "2022.09.29"]
[EventType "tourn (rapid)"]
[EventCountry "NET"]
[SourceTitle "playchess.com"]
[Source "ChessBase"]
[SourceQuality "1"]
[WhiteTeam "India"]
[BlackTeam "India"]
[WhiteTeamCountry "IND"]
[BlackTeamCountry "IND"]
[TimeControl "900+10"]

1. c4 Nf6 2. Nc3 e5 3. Nf3 Nc6 4. e4 Bb4 5. d3 d6 6. a3 {[%emt 0:00:04] A28: English Opening: Four Knights Variation.} Bc5 {[%emt 0:00:02] Strongly threatening ...Ng4.} (6... Bxc3+ $5 7. bxc3 h6 $11) 7. b4 Bb6 8. Na4 Bd4 9. Rb1 Bg4 10. Be2 Bxf3 11. Bxf3 a6 {[%emt 0:00:00] 11...Qe7 might become the main line.} 12. Qd2 b5 13. Nc3 bxc4 14. dxc4 Bxc3 15. Qxc3 Nd4 16. Qd3 {[%emt 0:00:26] [#]} Nxf3+ $146 ({Predecessor:} 16... O-O 17. Bd1 h6 18. O-O Qd7 19. f4 Qc6 20. Re1 Rfe8 21. Bb2 Ne6 22. f5 Ng5 {½-½ (58) Nyzhnyk,I (2674)-Niemann,H (2642) Saint Louis 2022}) 17. Qxf3 h6 18. O-O Qd7 19. h3 (19. Re1 $14) 19... Qc6 $11 20. Re1 Qxc4 21. Bd2 Qc2 22. Qe3 Qa4 23. Rbc1 Rc8 24. Qg3 g5 25. h4 (25. Rc4 $14) 25... Qd7 26. hxg5 hxg5 27. Bxg5 Rg8 {[%emt 0:00:22] [#] And now ...Nh7 would win.} 28. Qh4 {[%emt 0:01:25] Against Nh7} Qg4 29. Qxg4 Nxg4 30. Bd2 Kd7 31. Rc3 Nf6 32. f3 Rg3 33. Re2 Nh5 34. Be1 Nf4 35. Rec2 Rg6 36. g3 Ne6 37. Rh2 Nd4 38. Kf2 c5 39. f4 Nb5 40. Rc1 {[%emt 0:00:50] The position is equal.} exf4 41. gxf4 Re6 42. a4 Nd4 43. Ke3 Rce8 44. e5 dxe5 (44... Rf6 {is more complex.} 45. Bd2 Nc6 46. b5 axb5 47. axb5 Nd4) 45. Rxc5 exf4+ 46. Kxd4 {[%emt 0:00:01] [#] Bc3 is the strong threat.} Rd6+ 47. Kc3 {[%emt 0:00:37] Black must now prevent Bd2.} Rxe1 {[%emt 0:00:01][%mdl 4096] Endgame KRR-KRR} 48. Rf5 Re3+ 49. Kc2 Rc6+ 50. Kd2 Rd6+ 51. Kc2 Rc6+ 52. Kd2 Rd6+ 53. Kc2 {[%emt 0:00:02] Weighted Error Value: White=0.06 (flawless) /Black=0.05 (flawless)} 1/2-1/2

[Event "MPL-4 Indian Chess Tour 2022"]
[Site "Chess24"]
[Date "2022.09.27"]
[Round "7.1"]
[White "Aditya Mittal"]
[Black "Raja Harshit"]
[Result "1/2-1/2"]
[ECO "D37"]
[WhiteElo "2485"]
[BlackElo "2459"]
[Annotator "TA"]
[PlyCount "71"]
[EventDate "2022.09.29"]
[EventType "tourn (rapid)"]
[EventCountry "NET"]
[SourceTitle "playchess.com"]
[Source "ChessBase"]
[SourceQuality "1"]
[WhiteTeam "India"]
[BlackTeam "India"]
[WhiteTeamCountry "IND"]
[BlackTeamCountry "IND"]
[TimeControl "900+10"]

1. d4 Nf6 2. c4 e6 3. Nf3 d5 4. Nc3 Be7 5. Bf4 O-O 6. a3 {[%emt 0:00:01] D37: Queen's Gambit Declined: 5 Bf4.} a6 7. c5 {[%emt 0:01:12] [#]} Ne4 $146 ({Predecessor:} 7... b6 8. b4 Ne4 9. Qc2 f5 10. e3 bxc5 11. bxc5 g5 12. Bg3 Nd7 13. Nxe4 fxe4 {1-0 (37) Krasenkow,M (2630)-Grooten,H (2374) Groningen 2018}) 8. e3 {[%emt 0:00:51] White is slightly better.} Nxc3 9. bxc3 b6 10. cxb6 cxb6 11. Bd3 Bd6 12. h4 Bxf4 13. exf4 Nd7 14. Qc2 Nf6 15. Ne5 a5 16. h5 Ba6 17. h6 Bxd3 18. Qxd3 {[%emt 0:00:03] [#] Black must now prevent hxg7.} g6 19. Rb1 Rc8 20. O-O Qd6 21. Rb3 Ne4 22. Rfb1 a4 23. Rxb6 Qxa3 24. Nc6 (24. f3 $11 {remains equal.} Ng3 25. Nd7) 24... Rc7 $17 {[%emt 0:01:39] Hoping for ...Rfc8.} ({Of course not} 24... Nxc3 25. Rf1 $11) (24... Qxc3 25. Qxc3 Nxc3 26. Ne7+ Kh8 27. Nxc8 Nxb1 28. Nd6 $14) 25. f3 Qxc3 ({Don't play} 25... Nxc3 26. Re1 $16) 26. Qxc3 Nxc3 27. Ra1 Rfc8 28. Ne5 Ne2+ 29. Kh2 Nxf4 30. Rxa4 {[%emt 0:00:45][%cal Ob6c6] [#]} Rc2 {[%emt 0:00:04] Prevents Rc6.} (30... f6 $1 $17 31. Ng4 g5) 31. Rc6 $11 Rxg2+ 32. Kh1 Rb8 {[%emt 0:00:02] The position is equal.} 33. Rb6 {[%emt 0:00:05][%cal Rb6b8] Against Rb1+} Rc8 34. Rc6 {[%emt 0:00:01][%cal Rc6c8] Prevents Rc1+.} Rb8 {[%emt 0:00:48] ( -> ...Rb1+)} 35. Rb6 {[%emt 0:00:11][%cal Rb6b8] Prevents Rb1+.} Rc8 36. Rc6 {[%emt 0:00:50] Prevents Rc1+.  Weighted Error Value: White=0.10 (very precise) /Black=0.12 (very precise)} 1/2-1/2

[Event "MPL-4 Indian Chess Tour 2022"]
[Site "Chess24"]
[Date "2022.09.27"]
[Round "7.2"]
[White "Sethuraman, S.P."]
[Black "Puranik, Abhimanyu"]
[Result "1-0"]
[ECO "C54"]
[WhiteElo "2638"]
[BlackElo "2603"]
[Annotator "TA"]
[PlyCount "115"]
[EventDate "2022.09.29"]
[EventType "tourn (rapid)"]
[EventCountry "NET"]
[SourceTitle "playchess.com"]
[Source "ChessBase"]
[SourceQuality "1"]
[WhiteTeam "India"]
[BlackTeam "India"]
[WhiteTeamCountry "IND"]
[BlackTeamCountry "IND"]
[TimeControl "900+10"]

1. e4 e5 2. Nf3 Nc6 3. Bc4 Bc5 4. d3 Nf6 5. c3 d6 6. O-O a5 {[%emt 0:00:03] C54: Giuoco Piano: 4 c3 Nf6, main lines with 5 d4 and 5 d3.} 7. Re1 h6 8. Nbd2 O-O {[%emt 0:00:01] The position is equal.} 9. Nf1 Be6 10. Bb5 Bb6 11. Ng3 Ne7 12. d4 c6 13. Bd3 Ng6 14. h3 {[%emt 0:00:25] Inhibits Bg4.} a4 15. Be3 Re8 16. Bc2 a3 17. b4 {[%emt 0:00:09] [#]} (17. b3 $14 {is superior.}) 17... Bc7 $146 ({Predecessor:} 17... Qc7 18. Qd2 Kh7 19. Nf5 exd4 20. Bxh6 dxc3 21. Qg5 Nxe4 22. Rxe4 Bxf5 23. Bxg7 Kxg7 24. Qxf5 Rxe4 25. Qxe4 {½-½ (68) Ragger,M (2687)-Anton Guijarro,D (2642) Skopje 2018}) 18. Qd2 Qe7 (18... Bc4 {with more complications.} 19. Nf5 d5 20. dxe5 Nxe4 21. Qd4 Re6) 19. Nf5 Bxf5 20. exf5 Nf8 21. dxe5 dxe5 22. c4 Rad8 23. Qc3 e4 24. Nd4 (24. Bc5 $1 $11 Qd7 25. Rad1 Qxf5 26. Rxd8 Bxd8 27. Nd2 (27. Qxa3 Bc7 $11) (27. Nd4 Qe5 $15)) 24... Be5 (24... Qe5 $15 25. g3 N8h7) 25. Rad1 c5 26. bxc5 Qxc5 27. Ba4 Nd5 $1 28. Qb3 Nxe3 29. fxe3 b5 $2 (29... Re7 $11) 30. Bxb5 $16 Rb8 31. Nc6 {[%emt 0:00:19] Threatens to win with Rd5.} Bg3 32. Nxb8 Rxb8 {[%emt 0:00:00] [#]} 33. Rd5 $1 Qe7 34. Rf1 (34. Red1 $16) 34... Nh7 $1 $14 35. Qd1 {[%emt 0:00:59] Hoping for Rd7.} Nf6 {[%emt 0:00:16] Prevents Rd7.} 36. Rd4 h5 37. Qd2 h4 {[%emt 0:00:01] [#]} 38. Rd1 (38. Rb1 $1 $16) 38... Bc7 $1 $11 39. Qf2 Bg3 40. Qd2 Bc7 {[%emt 0:00:55] Prevents Rd8+.} 41. Qe1 Bg3 42. Qc3 Bc7 43. R4d2 Qc5 44. Rd5 Nxd5 45. Rxd5 Qb6 46. Qxa3 Bg3 47. Qc3 Ra8 (47... Rd8 $11 {keeps the balance.} 48. a4 Qc7) 48. a4 $16 {[%emt 0:00:03] c5 is the strong threat.} Qh6 {[%emt 0:00:17] A mistake that costs the game.} (48... Rd8 $16 {was called for.}) 49. c5 $18 Bc7 (49... Qg5 {keeps fighting.} 50. Qd4 Bc7 51. Qxe4 Rd8 52. Rxd8+ Qxd8) 50. Rd7 Ra7 (50... Ba5 51. Qd4 Qf6) 51. Qd4 {[%emt 0:00:20] aiming for c6.} Qg5 52. Qxe4 Qg3 53. Kf1 $2 (53. f6 {Threatening mate with Qe8+.} g6 54. Kf1) 53... Qh2 $2 (53... Ba5 $18 54. Rd1 Qg5) 54. Ke2 Qg1 55. Rd1 Qh2 56. Bc4 Rxa4 {[%emt 0:00:02] [#]} 57. Bxf7+ $1 Kxf7 (57... Kh7 58. Qxa4) 58. Rd7+ {[%emt 0:00:04] Weighted Error Value: White=0.23 (precise) /Black=0.38} 1-0

[Event "MPL-4 Indian Chess Tour 2022"]
[Site "Chess24"]
[Date "2022.09.27"]
[Round "7.3"]
[White "Mitrabha, Guha"]
[Black "Pranav, V."]
[Result "1/2-1/2"]
[ECO "E04"]
[WhiteElo "2471"]
[BlackElo "2530"]
[Annotator "TA"]
[PlyCount "113"]
[EventDate "2022.09.29"]
[EventType "tourn (rapid)"]
[EventCountry "NET"]
[SourceTitle "playchess.com"]
[Source "ChessBase"]
[SourceQuality "1"]
[WhiteTeam "India"]
[BlackTeam "India"]
[WhiteTeamCountry "IND"]
[BlackTeamCountry "IND"]
[TimeControl "900+10"]

1. d4 d5 2. c4 e6 3. Nf3 Nf6 4. g3 dxc4 5. Bg2 a6 6. O-O Nc6 7. Nbd2 {[%emt 0:00:21][%cal Bb1d2,Bd2f3,Bf3e5][%mdl 32] E04: Open Catalan: 5 Nf3.} b5 (7... Nxd4 {feels hotter.} 8. Nxc4 Nc6 9. Nfe5 Qxd1 10. Bxc6+ Qd7) 8. b3 (8. Ne5 {feels hotter.} Nxe5 9. Bxa8 Qxd4 10. Ne4) 8... Rb8 9. bxc4 {[%emt 0:00:04] White has an edge.} (9. Bb2 {seems wilder.} cxb3 10. Qc1 Bb7 11. Nxb3 Bd6 12. Nfd2) 9... Nxd4 {[%emt 0:00:11] [#]} 10. cxb5 $146 ({Predecessor:} 10. Bb2 Nxf3+ 11. Bxf3 Bb4 12. Ne4 Qxd1 13. Rfxd1 Nxe4 14. Bxe4 f6 15. Bc6+ Ke7 16. cxb5 axb5 {0-1 (70) Sai Agni,J (2322)-Sethuraman,S (2644) Biel 2021}) 10... Nxf3+ 11. Nxf3 Qxd1 12. Rxd1 axb5 13. Ne5 Bb7 14. Bxb7 Rxb7 15. Nc6 {[%emt 0:00:01][%csl Gc6][%cal Rd1d8] [#]} Bd6 16. Bf4 Nd5 17. Bxd6 cxd6 18. e4 $1 Nc3 19. Rxd6 Rd7 {[%emt 0:01:06] Prevents Rd8+.} (19... O-O $5 ) 20. Rxd7 (20. e5 $11) 20... Kxd7 $11 {[%emt 0:00:03][%mdl 4096] Endgame KRN-KRN} 21. Ne5+ Ke7 22. f3 Ra8 23. a3 f6 24. Nc6+ Kd6 25. Nd4 (25. Nb4 $17 {was the crucial defense.}) 25... b4 $1 $19 26. Kf2 Rxa3 27. Rc1 Ra2+ 28. Ke3 e5 29. Nb3 (29. Nc2 $142 b3 30. Nb4) 29... Rxh2 30. Nd2 Kc5 31. Ra1 h5 32. Ra7 g5 33. Rc7+ (33. Kd3 $142) 33... Kd6 {[%emt 0:00:25] White must now prevent ...Re2+.} 34. Rb7 Na2 {[%emt 0:00:03] ( -> ...Nc1)} 35. Nb3 {[%emt 0:01:18] Prevents Nc1.} h4 36. gxh4 gxh4 37. Rb6+ Ke7 {[%emt 0:00:03] ...Rc2 is the strong threat.} 38. Rb7+ Kf8 39. Nc5 Ke8 {[%emt 0:01:14] Hoping for ...Rc2.} 40. Nd7 (40. Rb8+ {was necessary.} Ke7 41. Nd3) 40... b3 $2 (40... Kd8 $19 41. Nxf6 Nc1) 41. Nxf6+ $11 Kd8 42. Ng4 $2 {[%emt 0:00:15] [#]} (42. Rb8+ $1 $11 Ke7 43. Nd5+ (43. Ng4 Rb2 $17) 43... Kd6 44. Rb6+ Kc5 45. Rxb3) 42... Rg2 $2 (42... Rb2 $1 $17 {Strongly threatening ...Kc8.} 43. Nxe5 h3 44. Nf7+ Ke8 45. Nd6+ Kd8 46. Nf7+ Ke8 47. Nd6+ Kd8 48. Nf7+) 43. Nxe5 ({But not} 43. Rxb3 $2 Nc1 44. Rb8+ Kc7 45. Nxe5 Kxb8 $19) 43... b2 {[%emt 0:00:39] And now ...h3 would win.} (43... Nc1 $5 44. Nf7+ $8 Kc8 45. Nd6+ Kd8 46. Nf7+ Kc8 47. Nd6+ Kd8 48. Nf7+ $11) 44. Nf7+ $1 Ke8 (44... Kc8 $5 45. Nd6+ $8 Kd8 46. Nf7+ (46. Nc4 h3 $17) 46... Ke8 47. Nd6+ Kf8 48. Rb8+ Ke7 49. Nf5+ Kd7 50. Nxh4 Rh2 $11) 45. e5 (45. Nd6+ $11 {remains equal.} Kf8 46. Rb8+ Ke7 47. Nf5+ Kd7 48. Nxh4) 45... Nc3 $17 46. Nd6+ Kf8 $1 47. e6 $1 {[%emt 0:00:01] Intending e7+ and mate.} Re2+ ({Don't play} 47... Rg7 48. Rb8+ Ke7 49. Nf5+ Kxe6 50. Nxg7+ $11) ({Black should try} 47... Nd5+ $15 48. Kd4 Ne7) 48. Kd3 $11 {[%emt 0:00:24] The position is equal.} Rxe6 49. Kxc3 Rxd6 50. Rxb2 {[%emt 0:00:01] KR-KR} Rf6 51. Rh2 Rxf3+ 52. Kd4 h3 53. Ke4 Ra3 54. Kf4 Kf7 55. Kg4 Kf6 56. Rxh3 Rxh3 57. Kxh3 {[%emt 0:00:00] And White is the lucky defender.  Weighted Error Value: White=0.42/Black=0.35} 1/2-1/2